 Dungeon Crawl Stone Soup version 0.30-a0-867-g305f33218d (webtiles) character file.

Game seed: 4258680975486531105

3817 Grim the Severer (level 9, -29/108 HPs)
             Began as a Minotaur Berserker on Mar 10, 2023.
             Was a High Priest of Trog.
             Annihilated by an orc warlord
             ... wielding a +2 broad axe
              (31 damage)
             ... in a bailey.
             The game lasted 00:12:07 (6525 turns).

Grim the Severer (Minotaur Berserker)               Turns: 6525, Time: 00:12:13

Health: -29/108    AC: 13    Str: 25    XL:     9   Next: 97%
Magic:  8/8        EV: 14    Int:  6    God:    Trog [*****.]
Gold:   420        SH:  5    Dex:  9    Spells: 8/8 levels left

rFire   . . .      SeeInvis .    a - +0 battleaxe
rCold   + . .      Faith    .    (shield currently unavailable)
rNeg    . . .      Spirit   .    J - +0 chain mail
rPois   .          Reflect  +    (helmet restricted)
rElec   .          Rampage  .    g - +2 cloak
rCorr   .                        t - +0 pair of gloves {Stlth+}
Will    .....                    (no boots) Stlth
                                 z - amulet of reflection
HPRegen 0.38/turn                f - +5 ring of evasion
MPRegen 0.11/turn                F - ring of protection from cold

@: berserking, very quick
A: horns 2, retaliatory headbutt
a: Renounce Religion, Berserk, Trog's Hand, Brothers in Arms


You were in a bailey.
You worshipped Trog.
Trog was extremely pleased with you.
You visited 1 branch of the dungeon, and saw 7 of its levels.
You also visited: Sewer and Bailey.

You collected 420 gold pieces.

Inventory:

Hand Weapons
 a - a +0 battleaxe (weapon)
Missiles
 l - 38 boomerangs (quivered)
 x - 2 throwing nets
 I - 10 poisoned darts
Armour
 g - a +2 cloak (worn)
 t - a +0 pair of gloves of stealth (worn)
 J - a +0 chain mail (worn)
Jewellery
 c - a ring of fire
 f - a +5 ring of evasion (left hand)
 z - an amulet of reflection (around neck)
 F - a ring of protection from cold (right hand)
Wands
 C - a wand of iceblast (14)
Scrolls
 b - a scroll of brand weapon {unknown}
 d - 3 scrolls of noise {unknown}
 e - 13 scrolls of identify {unknown}
 j - 2 scrolls of amnesia {unknown}
 k - a scroll of immolation {unknown}
 m - a scroll of poison {unknown}
 p - 3 scrolls of teleportation {unknown}
 s - 3 scrolls of acquirement
 u - a scroll of butterflies {unknown}
 v - 4 scrolls of fear {unknown}
 y - 2 scrolls of fog {unknown}
 D - 2 scrolls of magic mapping {unknown}
 G - 3 scrolls of enchant armour {unknown}
 K - a scroll of blinking {unknown}
Potions
 h - 3 potions of degeneration {unknown}
 i - 2 potions of heal wounds {unknown}
 n - 5 potions of mutation {unknown}
 o - 2 potions of might {unknown}
 q - a potion of flight {unknown}
 r - 2 potions of lignification {unknown}
 w - 3 potions of haste {unknown}
 A - 3 potions of curing {unknown}
 B - 2 potions of brilliance {unknown}
 E - 2 potions of invisibility {unknown}
 H - 2 potions of cancellation {unknown}


   Skills:
 - Level 4.5 Fighting
 + Level 16.3 Axes
 - Level 3.6 Armour
 - Level 3.2 Dodging


You had 8 spell levels left.
You didn't know any spells.
Your spell library was empty.

Dungeon Overview and Level Annotations

Branches:
Dungeon (7/15)             Temple (0/1) D:5           Sewer (visited)
 Bailey (1/1)

Altars:
Dithmenos
Gozag
Hepliaklqana
Nemelex Xobeh
Okawaru
Qazlal
Ru
Sif Muna
Uskayaw
Vehumet
Wu Jian


Innate Abilities, Weirdness & Mutations

You have a pair of horns on your head.
You reflexively headbutt those who attack you in melee.


Message History

A red film seems to cover your vision as you go berserk!
You feel yourself moving faster!
You feel mighty! The orc warlord barely misses you. You furiously retaliate!
You headbutt the orc warlord! You barely miss the orc warlord.
The orc warlord is lightly wounded.
The orc warlord closely misses you.
You closely miss the orc warlord.
The orc warlord is lightly wounded.
The orc warlord hits you with a +2 broad axe!!
You barely miss the orc warlord.
The orc warlord is lightly wounded.
You hit the orc warlord but do no damage.
The orc warlord is lightly wounded.
The orc warlord hits you with a +2 broad axe!!
You slash the orc warlord! Your headbutt misses the orc warlord.
The orc warlord is lightly wounded.
You hit the orc warlord but do no damage.
The orc warlord is lightly wounded.
The orc warlord hits you with a +2 broad axe!!
* * * LOW HITPOINT WARNING * * *
You slash the orc warlord!
You headbutt the orc warlord, but do no damage.
The orc warlord is moderately wounded.
The orc warlord hits you with a +2 broad axe!!
* * * LOW HITPOINT WARNING * * *
You slash the orc warlord!
The orc warlord is moderately wounded.
Unknown command.
You barely miss the orc warlord.
The orc warlord is moderately wounded.
The orc warlord hits you with a +2 broad axe!!
* * * LOW HITPOINT WARNING * * *
You hit the orc warlord but do no damage.
The orc warlord is moderately wounded.
You slash the gnoll!
You kill the gnoll!
Trog accepts your kill.
The orc warlord hits you with a +2 broad axe!!
You die...

.....#~~~~~#...8..8..##
....)#~~~~~#..........#
8...†))....'..........#
..)#########......8...#
..##~~~#~~~####......##
..#~|.....~#~~#.....##
..#~!........~#....##
..##8.8...8.8~##...#
...#.........~~o@..#
...#....∩....~~)...#
...#.........~~'...#
..##8.8...8.8~##...#
..#~?........~#....##
..#~).....~#~~#.....##
).##~~~#~~~####))....##
...#########......8...#
8....'.....'..........#


You could see an orc warlord.

Vanquished Creatures
  Pikel (D:5)
  The ghost of Pascal76 the Poker, an amateur MiBe of Trog (D:3)
  A water moccasin (D:7)
  Duvessa (D:5)
  4 orc warriors
  A centaur (D:7)
  An ogre (D:5)
  A kobold brigand (D:7)
  A phantom (D:6)
  Blork the orc (D:5)
  A bullfrog (D:6)
  5 scorpions
  A gnoll sergeant (D:6)
  8 wights
  Dowan (D:5)
  4 howler monkeys
  A hound (D:5)
  2 gnoll boudas
  A jelly (D:5)
  An orc priest (D:5)
  3 sleepcaps (D:6)
  8 iguanas
  8 orc wizards
  19 gnolls
  11 adders
  9 river rats
  2 shadow imps (D:7)
  An ufetubus (D:6)
  4 worms
  4 dart slugs
  38 orcs
  3 bats
  10 endoplasms
  A giant cockroach (D:1)
  10 goblins
  11 hobgoblins
  12 jackals
  25 kobolds
  9 quokkas
  8 ball pythons
  11 frilled lizards
  27 rats
272 creatures vanquished.

Notes
Turn   | Place    | Note
-------+----------+-------------------------------------------
     0 | D:1      | Grim the Minotaur Berserker began the quest for the Orb.
     0 | D:1      | Reached XP level 1. HP: 19/19 MP: 0/0
    94 | D:1      | Reached XP level 2. HP: 27/27 MP: 1/1
   167 | D:1      | Reached skill level 4 in Axes
   237 | D:1      | Reached ** piety under Trog
   459 | D:1      | Reached XP level 3. HP: 33/33 MP: 2/2
  1027 | D:2      | Reached XP level 4. HP: 41/41 MP: 3/3
  1141 | D:2      | Found a shadowy altar of Dithmenos.
  1436 | D:3      | Found a glowing drain.
  1440 | Sewer    | Entered a sewer
  1448 | Sewer    | Reached *** piety under Trog
  1480 | Sewer    | Reached skill level 5 in Axes
  1480 | Sewer    | Reached XP level 5. HP: 46/47 MP: 4/4
  2296 | D:3      | Reached skill level 6 in Axes
  2392 | D:3      | Found a sacrificial altar of Ru.
  2549 | D:3      | Found a runed translucent door.
  2549 | D:3      | Noticed Pascal76's ghost (amateur MiBe)
  2565 | D:3      | Killed Pascal76's ghost
  2566 | D:3      | Reached skill level 7 in Axes
  2566 | D:3      | Reached XP level 6. HP: 53/53 MP: 5/5
  2807 | D:3      | Found a hide-covered altar of Uskayaw.
  2807 | D:3      | Found a radiant altar of Vehumet.
  2808 | D:3      | Found a shimmering blue altar of Sif Muna.
  3321 | D:4      | Reached skill level 8 in Axes
  3423 | D:4      | Found an iron altar of Okawaru.
  3485 | D:4      | Reached XP level 7. HP: 60/60 MP: 6/6
  3706 | D:5      | Entered Level 5 of the Dungeon
  3719 | D:5      | Reached **** piety under Trog
  3847 | D:5      | Reached skill level 9 in Axes
  3860 | D:5      | Noticed Blork the orc
  3867 | D:5      | Killed Blork the orc
  4003 | D:5      | Found an ornate altar of the Wu Jian Council.
  4034 | D:5      | Noticed Pikel
  4040 | D:5      | Killed Pikel
  4041 | D:5      | Reached skill level 11 in Axes
  4041 | D:5      | Reached XP level 8. HP: 67/67 MP: 7/7
  4160 | D:5      | Reached skill level 12 in Axes
  4161 | D:5      | Noticed Duvessa
  4166 | D:5      | Noticed Dowan
  4174 | D:5      | Killed Duvessa
  4185 | D:5      | Killed Dowan
  4318 | D:5      | Found a hazy altar of Hepliaklqana.
  4355 | D:5      | Found a staircase to the Ecumenical Temple.
  4586 | D:6      | Found an opulent altar of Gozag.
  4605 | D:6      | Reached skill level 13 in Axes
  4826 | D:6      | Reached XP level 9. HP: 72/72 MP: 8/8
  5160 | D:6      | Found a stormy altar of Qazlal.
  5411 | D:6      | Reached skill level 14 in Axes
  6109 | D:7      | Reached skill level 15 in Axes
  6161 | D:7      | Found a sparkling altar of Nemelex Xobeh.
  6201 | D:7      | Found a flagged portal.
  6237 | D:7      | Reached skill level 16 in Axes
  6244 | Bailey   | Entered a bailey
  6278 | Bailey   | Noticed an orc warlord
  6342 | Bailey   | Reached ***** piety under Trog
  6385 | Bailey   | Found a runed translucent gate.
  6388 | Bailey   | Found a runed translucent gate.
  6390 | Bailey   | Found a runed translucent gate.
  6524 | Bailey   | HP: 1/108 [orc warlord/+2 broad axe (24)]
  6525 | Bailey   | Annihilated by an orc warlord

Illustrated notes

Levels and vault maps discovered:
D:1:      amcnicky_arrival_gap_in_the_tavern_cellar, layout_loops_ring,
          minmay_misc_feat_diagonals
D:2:      layout_rooms, basic_altar
D:3:      layout_loops_ring, general_overflow_altar,
          gammafunk_temple_overflow_claw, gup_sewer_entry_spiral,
          gammafunk_ghost_grave, kennysheep_minor_cross
D:4:      layout_gridville, mainiacjoe_overflow_concentric_impassable,
          grunt_decor_fettered
D:5:      layout_cave_pools, mainiacjoe_overflow_tiny_flanked,
          nzn_wu_jian_contemplation, minmay_temple_entry_nine_rooms,
          serial_glass, glass_columns_b, glass_columns_c, minmay_circle_x,
          uniq_duvessa, uniq_blork_the_orc, uniq_pikel
D:6:      lemuel_ratsnest, layout_basic, nicolae_qazlal_style_of_elements,
          grunt_gozag_statues
D:7:      layout_rooms, mainiacjoe_overflow_brackets, enter_bailey_5
Bailey:   bailey_axe_bossmonster_kennysheep, bailey

Skill      XL: |  1  2  3  4  5  6  7  8  9 |
---------------+----------------------------+-----
Fighting       | 4 |  4.5
Axes           | 4 5 7 8 11 13 16 | 16.3
Armour         | 3 |  3.6
Dodging        | 3 |  3.2

Action                     |  1- 3 |  4- 6 |  7- 9 || total
---------------------------+-------+-------+-------++-------
  Melee: Hand axe          |   100 |   106 |       ||   206
         Headbutt          |    17 |    20 |    54 ||    91
         War axe           |       |    69 |   120 ||   189
         Punch             |       |     3 |     3 ||     6
         Battleaxe         |       |       |   196 ||   196
  Throw: Boomerang         |       |     2 |    12 ||    14
 Invoke: Berserk           |     2 |     3 |    11 ||    16
         Trog's Hand       |       |     2 |     2 ||     4
   Stab: Sleeping          |     1 |     1 |       ||     2
 Armour: Animal skin       |    18 |    22 |       ||    40
         Ring mail         |       |    26 |    16 ||    42
         Chain mail        |       |       |    60 ||    60
  Dodge: Dodged            |    63 |    86 |   154 ||   303
  Block: Other             |       |     3 |    52 ||    55
         Reflection        |       |       |     2 ||     2

Table legend: (Time is in decaauts)
 A = Elapsed time spent in this place.
 B = Non-inter-level travel time spent in this place.
 C = Inter-level travel time spent in this place.
 D = Time resting spent in this place.
 E = Time spent auto-exploring this place.
 F = Levels seen in this place.
 G = Mean time per level.
                   A        B        C        D        E       F      G
               +--------+--------+--------+--------+--------+-----+--------+
         Total |   6741 |   6617 |    124 |   1627 |   3520 |   9 |  749.0 |
       Dungeon |   5853 |   5729 |    124 |   1423 |   3075 |   7 |  836.1 |
         Sewer |    607 |    607 |      0 |    170 |    296 |   1 |  607.0 |
        Bailey |    280 |    280 |      0 |     34 |    149 |   1 |  280.0 |
               +--------+--------+--------+--------+--------+-----+--------+

Top non-repeatable levels by time:
     D:6: 1233 daAuts
     D:5: 1222 daAuts
     D:3: 1146 daAuts
     D:1: 807 daAuts
     D:4: 792 daAuts
   Sewer: 607 daAuts
     D:2: 498 daAuts
  Bailey: 280 daAuts
     D:7: 152 daAuts
